 Dungeon Crawl Stone Soup version 0.16.1-51-g6203257 (webtiles) character file.

52 seyes the Skirmisher (level 3, -1/24 HPs)
             Began as a Gargoyle Fighter on July 28, 2015.
             Slain by Crazy Yiuf
             ... wielding a +3 quarterstaff of chaos
              (4 damage)
             ... on level 2 of the Dungeon.
             The game lasted 00:04:13 (736 turns).

seyes the Skirmisher (Gargoyle Fighter)              Turns: 736, Time: 00:04:13

Health: -1/24      AC: 10    Str: 20    XL:     3   Next: 85%
Magic:  3/3        EV:  7    Int:  8    God:
Gold:   107        SH:  0    Dex:  9    Spells: 0 memorised, 2 levels left

rFire  . . .     SeeInvis .     a - +1 war axe
rCold  . . .     Clarity  .     b - +0 scale mail
rNeg   + . .     SustAb   .     c - +0 shield
rPois  ∞         Gourm    .     (no helmet)
rElec  +         Spirit   .     (no cloak)
rCorr  .         Warding  .     (no gloves)
rMut   .         Stasis   .     (no boots)
MR     .....                    (no amulet)
Stlth  ..........               (no ring)
                                (no ring)

@: confused, not resistant to hostile enchantments, extremely unstealthy
A: negative energy resistance 1, electricity resistance, unbreathing,
petrification resistance, rot immunity, AC +3
a: no special abilities


You were on level 2 of the Dungeon.
You were not hungry.

You visited 1 branch of the dungeon, and saw 2 of its levels.

You collected 107 gold pieces.

Inventory:

Hand weapons
 a - a +1 war axe (weapon)
Armour
 b - a +0 scale mail (worn)
 c - a +0 shield (worn)
 m - a +0 chain mail
Jewellery
 g - an uncursed amulet of stasis
Scrolls
 k - 2 scrolls of remove curse
Potions
 e - a potion of might
 h - a potion of mutation {unknown}
 i - 3 potions of brilliance {unknown}
 j - a potion of lignification {unknown}
Comestibles
 d - a bread ration
 f - a chunk of flesh
 l - a meat ration
 q - a beef jerky


   Skills:
 + Level 4.1 Fighting
 * Level 2.9 Axes
 - Level 3.2 Armour
 - Level 3.2 Shields


You had 2 spell levels left.
You didn't know any spells.

Dungeon Overview and Level Annotations

Branches:
Dungeon (2/15)

Altars:
Dithmenos

Annotations:
D:2 Crazy Yiuf


Innate Abilities, Weirdness & Mutations

You are resistant to torment.
You are immune to poison.
Your stone body is very resilient (AC +3).
You resist negative energy.
You are resistant to electric shocks.
You can survive without breathing.
You are immune to petrification.
You are immune to rotting.


Message History

Crazy Yiuf is moderately wounded.
Crazy Yiuf screams, "Fluff Hive snail!"
Crazy Yiuf zaps a wand.
You resist with significant effort.
Crazy Yiuf zaps a wand.
You resist with significant effort.
Crazy Yiuf hits you with a quarterstaff of chaos.
You're too confused to move!
Crazy Yiuf zaps a wand.
You are more confused.
You bump into the rock wall.
Crazy Yiuf flaps his cloak.
Crazy Yiuf zaps a wand.
You resist with significant effort.
You bump into the rock wall.
Crazy Yiuf hits you with a quarterstaff of chaos!
* * * LOW HITPOINT WARNING * * *
Crazy Yiuf burns you.
* * * LOW HITPOINT WARNING * * *
Crazy Yiuf says, "Citrus meccalolo Xom!"
Crazy Yiuf barely misses you.
You're too confused to move!
Crazy Yiuf hits you with a quarterstaff of chaos.
You die...

#.#...##.#.# . ........
#..#........ .# .##....
######.#...##.#.# ##.#.
##..#. #...........# # #
#....##..###
#.###########
#..#.....### ##.#
#..####...#. ...##
#########....##.....
#.).#
###.#..#.##.##.##.####
....#
#..#g@......##.##.# #
..<.#
#.....####.............#
# ....# #)..#
####..####.#### # ....#
### #### #.# . ....# #.#
. [...# #.# ....# ...
....# #.# ...## ..#


You could see Crazy Yiuf.

Vanquished Creatures
  Terence (D:2)
  2 adders (D:2)
  2 giant cockroaches
  A goblin (D:1)
  3 hobgoblins (D:1)
  2 ball pythons (D:2)
  4 bats (D:1)
  3 giant newts (D:1)
  8 kobolds
  2 rats (D:1)
28 creatures vanquished.

Notes
Turn   | Place    | Note
--------------------------------------------------------------
     0 | D:1      | seyes, the Gargoyle Fighter, began the quest for the Orb.
     0 | D:1      | Reached XP level 1. HP: 14/14 MP: 1/1
    99 | D:1      | Reached XP level 2. HP: 12/19 MP: 2/2
   541 | D:2      | Noticed Terence
   551 | D:2      | Killed Terence
   551 | D:2      | Reached skill level 4 in Fighting
   551 | D:2      | Reached XP level 3. HP: 24/24 MP: 3/3
   657 | D:2      | Found a shadowy altar of Dithmenos.
   704 | D:2      | Noticed Crazy Yiuf
   736 | D:2      | Slain by Crazy Yiuf

Action                   || total
-------------------------++-------
Melee: War axe           ||    88
  Use: Scroll            ||     4
